Map: Oblivion Express

Players

raincamp

  • Race: Zerg Zerg

raincamp

  • Race: Terran Terran
  • Spawn Location: 0:00

VOD

Have the link to the VOD?

Description

Time

  • Played on: Sept. 2, 2017, 12:35 a.m.
  • Length: 24:25
Show
View Real Time Build Order
Export as new Build Order

raincamp Zerg 

Build Orders:  

Get SALT Encoding   

  18  0:07  Primal Drone  
  19  0:11  Primal Drone  
  19  0:19  Primal Drone  
  21  0:25  Primal Drone  
  22  0:33  Primal Drone  
  23  0:49  Primal Drone  
  24  1:07  Primal Drone  
  25  1:40  Primal Drone  
  25  1:41  Primal Drone  
  25  1:46  Primal Hive  
  32  1:58  Primal Warden  
  33  2:17  Primal Drone x2  
  33  2:18  Extractor  
  33  2:19  Extractor  
  35  2:32  Primal Drone  
  36  2:47  Primal Drone  
  37  3:09  Primal Drone  
  38  3:11  Primal Zergling  
  39  3:53  Primal Drone x4  
  39  3:54  Primal Drone x3  
  39  3:55  Primal Zergling x2  
  39  3:56  Primal Zergling  
  49  4:06  Glevig's Den  
  48  4:13  Primal Drone x2  
  48  4:16  Primal Zergling  
  51  4:47  Primal Drone x3  
  54  4:57  Primal Drone x2  
  54  4:58  Primal Drone  
  57  5:13  Primal Zergling x2  
  57  5:14  Primal Zergling x2  
  57  5:19  Primal Hive  
  61  5:44  Primal Zergling  
  61  5:45  Primal Zergling  
  63  6:19  Extractor  
  63  6:20  Extractor  
  63  6:22  Primal Drone x4  
  63  6:23  Primal Drone x5  
  63  6:28  Dissolving Acid  
  72  6:31  Murvar's Den  
  72  6:38  Primal Warden  
  72  6:39  Primal Warden x2  
  74  7:27  Primal Drone  
  74  7:28  Enlarged Parotid Glands  
  75  7:49  Primal Drone  
  76  7:50  Primal Drone x5  
  79  8:15  Primal Zergling  
  79  8:16  Primal Zergling x8  
  79  8:17  Primal Zergling x5  
  93  8:24  Ravasaur  
  93  8:25  Ravasaur x3  
  93  8:32  Primal Roach  
  93  8:33  Primal Roach x3  
  101  8:46  Primordial Fury, Dakrun's Den  
  100  8:54  Ravasaur  
  100  8:55  Ravasaur x4  
  100  8:56  Ravasaur x2  
  100  9:14  Primal Warden  
  100  9:15  Primal Warden  
  100  9:17  Primal Warden  
  100  9:21  Primal Warden  
  100  9:32  Primal Roach  
  100  9:33  Primal Roach x6  
  100  9:34  Primal Roach x3  
  100  9:35  Primal Roach x2  
  123  9:46  Explosive Spores  
  123  9:57  Primal Roach x4  
  131  10:24  Primal Guardian  
  131  10:25  Primal Guardian x4  
  131  10:26  Primal Guardian x3  
  123  10:46  Primal Guardian  
  123  10:47  Primal Guardian  
  121  10:51  Primal Zergling  
  121  10:52  Primal Zergling x5  
  121  10:53  Primal Zergling x8  
  121  10:54  Primal Drone, Primal Zergling  
  121  10:55  Primal Drone x3  
  121  10:56  Primal Drone x2  
  121  10:57  Primal Attacks Level 1  
  142  11:06  Primal Warden  
  142  11:08  Primal Warden x2  
  145  11:12  Ravasaur  
  145  11:13  Ravasaur x4  
  145  11:14  Ravasaur  
  145  11:15  Ravasaur  
  138  12:33  Primal Ultralisk x2  
  138  12:34  Primal Ultralisk  
  138  12:36  Primal Ultralisk  
  138  12:38  Primal Zergling  
  138  12:39  Primal Zergling x7  
  170  12:40  Primal Zergling x6  
  172  13:09  Ravasaur  
  170  13:10  Ravasaur x4  
  170  13:14  Ravasaur  
  169  13:30  Tyrant's Protection  
  161  14:12  Primal Ultralisk x2  
  161  14:13  Primal Zergling  
  161  14:14  Primal Zergling x7  
  161  14:15  Primal Zergling x8  
  161  14:16  Primal Zergling  
  189  14:30  Barrage of Spikes  
  173  15:20  Primal Ultralisk  
  173  15:21  Primal Ultralisk  
  173  15:22  Primal Roach x3  
  173  15:23  Primal Zergling x2  
  173  15:24  Primal Zergling x8  
  173  15:25  Primal Zergling x8  
  200  15:30  Impaling Strike  
  200  15:48  Ravasaur  
  200  15:49  Ravasaur x3  
  199  15:50  Ravasaur x5  
  199  15:51  Primal Attacks Level 2, Ravasaur, Primal Carapace Level 1  
  199  16:07  Primal Guardian  
  195  17:00  Primal Roach x2  
  196  17:35  Primal Drone x4  
  196  17:36  Primal Drone x2  
  195  17:49  Primal Drone  
  196  17:50  Primal Drone x2  
  183  18:15  Primal Roach  
  183  18:16  Primal Roach x6  
  183  18:17  Primal Roach x2  
  197  18:50  Primal Roach  
  197  18:56  Primal Guardian x4  
  186  19:34  Primal Guardian  
  185  20:03  Primal Roach  
  185  20:04  Primal Roach x6  
  199  20:25  Primal Roach x2  
  200  20:32  Primal Guardian x3  
  189  21:32  Primal Guardian  
  189  21:34  Primal Roach x3  
  189  21:35  Primal Roach x3  
  198  21:53  Primal Roach x4  
  198  22:06  Primal Roach  
  198  22:07  Primal Roach x5  
  198  22:08  Primal Roach  
  200  22:19  Primal Guardian x2  
  198  22:20  Primal Guardian  
  189  22:48  Primal Guardian x4  
  189  22:49  Primal Guardian  
  180  23:01  Primal Roach  
  180  23:02  Primal Roach x8  
  180  23:03  Primal Roach  
  180  23:35  Primal Guardian x3  
Show
View Real Time Build Order
Export as new Build Order

raincamp Terran 

Build Orders:  

Get SALT Encoding   

  12  0:20  Supply Depot  
Tags
 
Add a new tag
Caveats
  • Supply blocks, unpowered buildings, or Contaminate may cause inaccurate times.
  • Supply counts are checked every 10 seconds.